Map: 16 bits EC

Players

HoldTheDoor

  • Race: Protoss Protoss
  • League: Diamond
  • Spawn Location: 7:00

JKN - Winner!

  • Race: Zerg Zerg
  • League: Diamond
  • Spawn Location: 1:00

VOD

Have the link to the VOD?

Description

Time

  • Played on: July 15, 2018, 10:22 a.m.
  • Length: 4:26
Show
View Real Time Build Order
Export as new Build Order

HoldTheDoor Protoss 

Build Orders: 1 Gate Expand 

Get SALT Encoding   

  12  0:00  Probe  
  13  0:12  Probe  
  14  0:19  Pylon  
  14  0:24  Probe  
  15  0:37  Probe  
  16  0:44  Gateway  
  16  0:46  Probe  
  16  0:48  Assimilator  
  16  0:54  Probe  
  18  1:05  Probe  
  19  1:32  Nexus  
  19  1:36  Cybernetics Core  
  19  1:40  Probe  
  19  1:47  Assimilator  
  20  1:52  Probe  
  21  1:57  Pylon  
  21  2:05  Probe  
  22  2:12  Warp Gate  
  22  2:17  Probe  
  22  2:18  Adept  
  25  2:29  Probe  
  26  2:38  Twilight Council  
  26  2:41  Probe  
  26  2:42  Pylon  
  27  2:48  Sentry  
  29  2:54  Gateway  
  29  3:00  Pylon  
  29  3:01  Probe  
  29  3:05  Probe  
  31  3:13  Probe  
  31  3:18  Probe  
  33  3:27  Robotics Facility  
  33  3:42  Pylon  
  33  3:43  Pylon  
  31  3:57  Pylon  
  31  4:01  Gateway  
  29  4:09  Probe x2, Pylon  
  31  4:12  Gateway  
  31  4:16  Zealot  
  31  4:17  Zealot  
Show
View Real Time Build Order
Export as new Build Order

JKN Zerg - Winner!

Build Orders: Hatch First 

Get SALT Encoding   

  12  0:01  Drone  
  13  0:12  Overlord  
  13  0:17  Drone  
  14  0:31  Drone x2  
  14  0:35  Drone  
  17  0:54  Hatchery  
  16  0:57  Drone  
  16  1:00  Drone  
  18  1:06  Extractor  
  17  1:21  Spawning Pool  
  16  1:26  Drone  
  16  1:29  Drone  
  16  1:31  Overlord  
  18  2:00  Drone  
  19  2:08  Queen x2  
  19  2:09  Metabolic Boost  
  19  2:12  Zergling x2  
  19  2:13  Zergling x2  
  25  2:17  Zergling x2  
  25  2:21  Zergling x2  
  27  2:24  Zergling x2  
  27  2:27  Zergling x2  
  29  2:33  Zergling x2  
  29  2:36  Zergling x2  
  31  2:41  Overlord  
  31  2:45  Zergling x2  
  31  2:50  Zergling x2  
  33  2:58  Drone  
  34  3:02  Zergling x2  
  35  3:07  Drone  
  35  3:12  Drone  
  37  3:21  Baneling Nest, Drone  
  37  3:22  Drone x3  
  40  3:30  Zergling x4  
  40  3:37  Zergling x4  
  41  3:42  Zergling x4  
  41  3:51  Zergling x4  
  43  3:56  Overlord  
  43  4:00  Zergling x2  
  43  4:05  Overlord  
  43  4:07  Overlord  
Tags
 
Add a new tag
Caveats
  • Supply blocks, unpowered buildings, or Contaminate may cause inaccurate times.
  • Supply counts are checked every 10 seconds.